 Dungeon Crawl Stone Soup version 0.22-a0-425-g89d60a1 (webtiles) character file.

1814 emperorscorpion the Cleaver (level 8, -10/105 HPs)
             Began as a Green Draconian Berserker on May 24, 2018.
             Was a Priest of Trog.
             Mangled by an orc warrior
             ... wielding a +0 war axe
              (11 damage)
             ... on level 6 of the Dungeon.
             The game lasted 00:10:35 (6214 turns).

emperorscorpion the Cleaver (DrBe)                  Turns: 6214, Time: 00:10:36

Health: -10/105    AC: 13    Str: 25    XL:     8   Next: 84%
Magic:  8/8        EV: 14    Int:  8    God:    Trog [***...]
Gold:   119        SH:  0    Dex: 12    Spells: 7/7 levels left

rFire    . . .     SeeInvis .   a - +0 hand axe
rCold    . . .     Gourm    .   (no shield)
rNeg     . . .     Faith    .   (armour unavailable)
rPois    +         Spirit   .   (helmet restricted)
rElec    .         Reflect  .   (no cloak)
rCorr    .         Harm     .   i - +2 pair of gloves
MR       .....                  (no boots)
Stlth    ..........             (no amulet)
HPRegen  0.27/turn              (no ring)
MPRegen  0.11/turn              u - +4 ring of protection

@: berserking, short of breath, very quick
A: breathe noxious fumes, unfitting armour, poison resistance, cold-blooded, AC
+6
a: Breathe Noxious Fumes, Berserk, Trog's Hand, Renounce Religion


You were on level 6 of the Dungeon.
You worshipped Trog.
Trog was most pleased with you.
You were very hungry.

You visited 1 branch of the dungeon, and saw 6 of its levels.

You collected 287 gold pieces.
You spent 168 gold pieces at shops.

Inventory:

Hand Weapons
 a - a +0 hand axe (weapon)
 m - a +0 whip of freezing
 r - a +0 mace
 y - a +2 flail of protection
Missiles
 f - 42 arrows
 j - 39 bolts
Armour
 i - a +2 pair of gloves (worn)
Jewellery
 k - an uncursed ring of stealth
 q - an uncursed ring of teleportation
 u - a +4 ring of protection (right hand)
Wands
 v - a wand of flame (56)
 w - a wand of scattershot (6)
Scrolls
 g - 3 scrolls of fear
 h - 2 scrolls of enchant armour
 p - 5 scrolls of teleportation
 s - a scroll of immolation
 x - a scroll of blinking
Potions
 d - 3 potions of curing
 e - 4 potions of heal wounds
 l - a potion of brilliance
 o - a potion of agility
 t - a potion of ambrosia
Comestibles
 b - 3 rations
 c - a chunk of flesh


   Skills:
 + Level 6.2 Fighting
 + Level 8.2 Axes
 + Level 5.0 Dodging
 + Level 5.1 Stealth


You had 7 spell levels left.
You didn't know any spells.
Your spell library was empty.

Dungeon Overview and Level Annotations

Branches:
Dungeon (6/15)
 Temple: D:4-7

Altars:
Ashenzari
Cheibriados
Gozag
Okawaru
Vehumet
Zin

Shops:
D:5 *


Innate Abilities, Weirdness & Mutations

You can breathe blasts of noxious fumes.
Your lurid green scales are hard. (AC +6)
You cannot fit into any form of body armour.
Your system is resistant to poisons. (rPois)
You are cold-blooded and may be slowed by cold attacks.


Message History

The orc warrior barely misses you.
You hit the orc warrior but do no damage.
The orc warrior is almost dead.
You closely miss the orc warrior.
Your tail-slap misses the orc warrior.
The orc warrior is almost dead.
The orc warrior misses you.
You hit the orc warrior.
The orc warrior is almost dead.
The orc warrior hits you but does no damage.
You hit the orc warrior but do no damage.
The orc warrior is almost dead.
The orc warrior hits you with a war axe!
* * * LOW HITPOINT WARNING * * *
A red film seems to cover your vision as you go berserk!
You feel yourself moving faster!
You feel mighty!
You are feeling very hungry.
You closely miss the orc warrior.
Your tail-slap misses the orc warrior.
The orc warrior is almost dead.
The orc warrior hits you with a war axe!
You die...

####...........##### .
#<..................
.##.................##
.........)>...........
##......)#...........#
#........#######...#.#
#........# .%.#.#
#.....)..###########
#...........@o.#
#..............#
#....###.......# #....
#.####### #.... #.#
#..... ..# #..... .?.#
#... ....# .....#


You could see an orc warrior.

Vanquished Creatures
  Pikel (D:5)
  The ghost of Ratty the Ruffian, an amateur VSTm of Cheibriados (D:4)
  Eustachio (D:5)
  Edmund (D:5)
  Menkaure (D:6)
  A sky beast (D:5)
  A slave (D:5)
  An ogre (D:5)
  A bullfrog (D:6)
  A scorpion (D:4)
  A crimson imp (D:4)
  A centaur zombie (D:5)
  2 hounds
  A bullfrog zombie (D:5)
  A bullfrog skeleton (D:4)
  2 iguanas (D:4)
  Terence (D:3)
  3 orc wizards
  3 worker ants (D:5)
  A hound zombie (D:5)
  4 gnolls (D:4)
  8 adders
  An ooze (D:1)
  A worm (D:2)
  8 dart slugs
  2 leopard geckos
  11 orcs
  5 bats
  2 giant cockroaches (D:1)
  8 goblins
  4 hobgoblins
  7 jackals
  5 quokkas
  A ball python (D:3)
  6 frilled lizards
  6 kobolds
  3 rats
108 creatures vanquished.

Vanquished Creatures (others)
  2 slaves (D:5)
  A howler monkey (D:5)
  A howler monkey zombie (D:5)
  An adder (D:5)
5 creatures vanquished.

Grand Total: 113 creatures vanquished

Notes
Turn   | Place    | Note
-------+----------+-------------------------------------------
     0 | D:1      | emperorscorpion the Draconian Berserker began the quest for the Orb.
     0 | D:1      | Reached XP level 1. HP: 19/19 MP: 1/1
    47 | D:1      | Reached XP level 2. HP: 24/26 MP: 2/2
   528 | D:1      | Reached ** piety under Trog
   968 | D:1      | Reached XP level 3. HP: 33/33 MP: 3/3
  1537 | D:2      | Found a snail-covered altar of Cheibriados.
  1540 | D:2      | Reached XP level 4. HP: 40/40 MP: 4/4
  1770 | D:2      | Reached skill level 4 in Axes
  1970 | D:3      | Reached skill level 1 in Stealth
  2224 | D:3      | Noticed Terence
  2230 | D:3      | Killed Terence
  2423 | D:3      | Reached XP level 5. HP: 43/46 MP: 5/5
  2868 | D:4      | Noticed Ratty's ghost (amateur VSTm)
  2910 | D:4      | Killed Ratty's ghost
  2910 | D:4      | Reached skill level 5 in Axes
  2910 | D:4      | Reached XP level 6. HP: 53/53 MP: 6/6
  3275 | D:4      | Found a shattered altar of Ashenzari.
  3292 | D:4      | Reached *** piety under Trog
  3784 | D:4      | Your scales start taking on a lurid green colour.
  3784 | D:4      | Reached XP level 7. HP: 45/60 MP: 7/7
  3784 | D:4      | Gained mutation: Your system is resistant to poisons. (rPois) [Green Draconian growth]
  4008 | D:4      | Found an opulent altar of Gozag.
  4008 | D:4      | Found a radiant altar of Vehumet.
  4009 | D:4      | Found a glowing silver altar of Zin.
  4637 | D:5      | Entered Level 5 of the Dungeon
  4651 | D:5      | Noticed Pikel
  4690 | D:5      | Reached skill level 5 in Fighting
  4690 | D:5      | Reached skill level 6 in Axes
  4697 | D:5      | Killed Pikel
  4697 | D:5      | Reached skill level 7 in Axes
  4697 | D:5      | Reached XP level 8. HP: 11/69 MP: 8/8
  4793 | D:5      | Noticed Eustachio
  4802 | D:5      | Killed Eustachio
  5225 | D:5      | Noticed Edmund
  5259 | D:5      | Killed Edmund
  5791 | D:5      | Found Failiv's General Store.
  5795 | D:5      | Bought a scroll of teleportation for 36 gold pieces
  5795 | D:5      | Bought a potion of heal wounds for 60 gold pieces
  5795 | D:5      | Bought 2 scrolls of teleportation for 72 gold pieces
  5826 | D:5      | Found an iron altar of Okawaru.
  6131 | D:6      | Noticed Menkaure
  6134 | D:6      | Reached skill level 8 in Axes
  6135 | D:6      | Reached skill level 5 in Dodging
  6142 | D:6      | Killed Menkaure
  6142 | D:6      | Reached skill level 5 in Stealth
  6212 | D:6      | HP: 1/70 [orc warrior/war axe (15)]
  6214 | D:6      | Mangled by an orc warrior

Vault maps used:
D:1:      dpeg_arrival_castle, minivault_4, minmay_octomino_j4
D:2:      cheibriados_altar_1, first_ration
D:3:      uniq_terence
D:4:      gammafunk_temple_overflow_claw, overflow_temple_1_default,
          hangedman_decor_lopped
D:5:      nicolae_overflow_crystal_walls, serial_shops, shop, minmay_bent,
          uniq_edmund, uniq_pikel, uniq_eustachio
D:6:      kiku_gazebo_garden_becter, temple_doors_cd, uniq_blork_the_orc,
          uniq_menkaure

Skill      XL: |  1  2  3  4  5  6  7  8 |
---------------+-------------------------+-----
Dodging        | 3 4 5 |  5.0
Fighting       | 4 5 6 |  6.2
Axes           | 4 5 7 8 |  8.2
Stealth        | 1 2 3 5 |  5.1

Action                   |  1- 3 |  4- 6 |  7- 9 || total
-------------------------+-------+-------+-------++-------
Melee: Hand axe          |    83 |   145 |   152 ||   380
       Tailslap          |     7 |    17 |    28 ||    52
Invok: Berserk           |       |     4 |     6 ||    10
 Abil: Breathe Noxious F |       |       |    14 ||    14
  Use: Scroll            |       |    12 |     4 ||    16
       Potion            |       |       |     2 ||     2
 Stab: Sleeping          |     5 |     5 |     3 ||    13
       Confused          |       |       |    11 ||    11
  Eat: Chunk             |     1 |    11 |     8 ||    20
       Ration            |       |       |     2 ||     2
Armor: Skin              |    28 |    38 |    43 ||   109
Dodge: Dodged            |    44 |   108 |    64 ||   216

Table legend:
 A = Spawn XP
 B = Non-spawn XP
 C = Spawn XP percentage of total XP
 D = Spawn monster count
 E = Non-spawn monster count
 F = Spawn count percentage of total count
 G = Total turns spent on level
                    A         B        C        D         E        F      G
               +---------+---------+-------+---------+---------+-------+---------
         Total |       0 |    2592 |   0.0 |       0 |     107 |   0.0 |  6214
               +---------+---------+-------+---------+---------+-------+---------
           D:1 |       0 |      49 |   0.0 |       0 |      25 |   0.0 |  1250
           D:2 |       0 |      86 |   0.0 |       0 |      18 |   0.0 |   716
           D:3 |       0 |      64 |   0.0 |       0 |      15 |   0.0 |   726
           D:4 |       0 |     649 |   0.0 |       0 |      24 |   0.0 |  2023
           D:5 |       0 |    1485 |   0.0 |       0 |      20 |   0.0 |  1403
           D:6 |       0 |     259 |   0.0 |       0 |       5 |   0.0 |    96
               +---------+---------+-------+---------+---------+-------+---------
